AoeStats
← terra95

MegaRandom

505212834Analyzed
2v2 RM · 24d ago on Sep 8, 2026· 61m 19s· 4 players
Game mode
Random Map
Map size
Medium (4 player)
Population
200
Speed
Normal
Resources
Standard
Victory
Conquest
Starting age
Dark Age
Ending age
Imperial Age
RankedLock teamsTeams togetherTeam positionsShared explorationLock speedFull tech treeHidden civsTurbo modeCheats
Victory
Defeat
🇪🇸 Mongols · Spain
1278
+18
🇭🇺 Spanish · Hungary
1200
+20
🇩🇪 Britons · Germany
1310
-19
🇩🇪 Persians · Germany
1309
-19
DaiMao
7:23 Loom
10:13 Feudal Age
12:50 Double-Bit Axe
19:30 Castle Age
18:32 Scale Mail Armor
19:48 Pikeman
24:18 Squires
24:18 Horse Collar
25:38 Town Watch
29:10 Wheelbarrow
29:31 Chain Mail Armor
33:12 Hand Cart
33:34 Forging
39:17 Imperial Age
37:57 Bloodlines
37:48 Husbandry
38:18 Scale Barding Armor
38:48 Iron Casting
39:29 Chain Barding Armor
39:28 Heavy Camel Rider
43:10 Blast Furnace
42:57 Light Cavalry
45:24 Hussar
48:03 Plate Mail Armor
52:01 Arson
61:16 Heavy Plow
61:29 Bow Saw
LSL
12:03 Feudal Age
17:04 Castle Age
14:56 Fletching
14:55 Double-Bit Axe
15:26 Loom
16:06 Horse Collar
17:41 Wheelbarrow
16:51 Town Watch
17:58 Stone Mining
17:58 Gold Mining
20:48 Bodkin Arrow
24:01 Bow Saw
24:31 Heavy Plow
25:39 Elite Skirmisher
28:13 Thumb Ring
31:39 Ballistics
31:26 Murder Holes
33:13 Hand Cart
33:57 Husbandry
34:07 Bloodlines
33:17 Light Cavalry
34:50 Forging
34:41 Scale Mail Armor
34:41 Padded Archer Armor
34:46 Scale Barding Armor
39:03 Imperial Age
40:18 Conscription
40:50 Bracer
41:11 Chain Barding Armor
41:27 Iron Casting
42:15 Arson
42:31 Squires
41:51 Pikeman
43:03 Hussar
45:45 Blast Furnace
45:21 Plate Barding Armor
44:59 Elite Conquistador
46:44 Halberdier
47:51 Chain Mail Armor
47:51 Leather Archer Armor
50:05 Two-Man Saw
51:35 Plate Mail Armor
53:42 Chemistry
59:22 Fishing Lines
BlackRay
11:09 Feudal Age
9:28 Loom
12:06 Double-Bit Axe
14:51 Castle Age
12:44 Horse Collar
14:26 Gold Mining
15:56 Bow Saw
17:37 Bloodlines
18:04 Husbandry
22:45 Scale Barding Armor
23:45 Wheelbarrow
23:45 Fishing Lines
24:36 Town Watch
25:28 Hand Cart
27:56 Chain Barding Armor
27:46 Forging
28:17 Fletching
34:51 Imperial Age
32:35 Bodkin Arrow
33:15 Padded Archer Armor
34:23 Parthian Tactics
34:06 Thumb Ring
36:21 Heavy Plow
37:37 Ballistics
37:43 Masonry
38:59 Crop Rotation
39:32 Two-Man Saw
40:37 Chemistry
39:25 Cavalier
40:40 Town Patrol
41:22 Savar
43:22 Citadels
43:24 Heavy Camel Rider
44:48 Plate Barding Armor
45:19 Light Cavalry
48:36 Hussar
50:29 Iron Casting
50:08 Elite War Elephant
50:51 Kamandaran
51:14 Crossbowman
52:54 Architecture
terra95
11:01 Feudal Age
15:55 Castle Age
16:07 Double-Bit Axe
16:04 Horse Collar
16:11 Loom
17:09 Fletching
21:30 Fishing Lines
21:50 Crossbowman
23:43 Gold Mining
23:44 Stone Mining
27:43 Ballistics
28:43 Bodkin Arrow
29:14 Gillnets
30:12 Bow Saw
33:23 Padded Archer Armor
35:04 Gold Shaft Mining
34:56 Scale Barding Armor
35:08 Leather Archer Armor
41:56 Imperial Age
39:33 Town Watch
40:41 Forging
40:52 Chain Barding Armor
41:41 Squires
43:10 Husbandry
42:30 Cavalier
42:32 Arbalester
43:16 Bracer
43:47 Ring Archer Armor
44:52 Chemistry
46:27 Plate Barding Armor
51:51 Iron Casting
51:48 Caravan
53:33 Two-Man Saw
59:47 Yeomen
Connection lost

Rejoining the realm…

Still unreachable

The connection could not be restored.

Session expired

The server has moved on; the page needs a fresh start.